 Dungeon Crawl Stone Soup version 0.31.0-11-ge490571c62 (webtiles) character file.

Game seed: 11437941817341700570

29 protoss039 the Digger (level 3, 26/26 HPs)
             Began as a Demonspawn Earth Elementalist on Jan 28, 2024.
             Got out of the dungeon alive.
             The game lasted 00:02:39 (900 turns).

protoss039 the Digger (DsEE)                         Turns: 900, Time: 00:02:40

Health: 26/26      AC:  3    Str:  8    XL:     3   Next: 1%
Magic:  13/15      EV: 12    Int: 17    God:
Gold:   69         SH:  0    Dex: 13    Spells: 5/6 levels left

rFire   . . .        (no weapon)
rCold   . . .        (no shield)
rNeg    . . .        a - +0 robe
rPois   .            (no helmet)
rElec   .            c - +0 cloak
rCorr   .            (no gloves)
SInv    .            (no boots)
Will    .....        f - amulet of guardian spirit
Stlth   ++           b - ring of magical power
HPRegen 0.24/turn    (no ring)
MPRegen 0.14/turn

%: guardian spirit
@: no status effects
A: claws 1, hooves 1
a: no special abilities


You escaped.
You visited 1 branch of the dungeon, and saw 1 of its levels.

You collected 69 gold pieces.

Inventory:

Armour
 a - a +0 robe (worn)
 c - a +0 cloak (worn)
Jewellery
 b - a ring of magical power (left claw)
 f - an amulet of guardian spirit (around neck)
Talismans
 e - a granite talisman
Potions
 d - a potion of mutation {unknown}


   Skills:
 + Level 1.4 Fighting
 - Level 1.7 Dodging
 - Level 1.7 Stealth
 + Level 2.4 Spellcasting
 - Level 1.0 Conjurations
 + Level 3.1 Earth Magic


You had 5 spell levels left.
You knew the following spells:

 Your Spells              Type           Power      Damage    Failure   Level
a - Sandblast             Erth           24%        2d8       5%          1

Your spell library contained the following spells:

 Spells                   Type           Power      Damage    Failure   Level
 Passwall                 Erth           12%        N/A       16%         3
 Stone Arrow              Conj/Erth      18%        3d8       24%         3
 Brom's Barrelling Bould  Conj/Erth      9%         2d3       61%         4
 Petrify                  Alch/Erth      7%         N/A       67%         4


Dungeon Overview and Level Annotations

Branches:
Dungeon (1/15)

Altars:

Shops:
D:1 =:


Innate Abilities, Weirdness & Mutations

You have sharp fingernails.
You have large cloven feet.


Message History

You see here a jackal corpse.
b - a ring of magical power You feel your magic capacity increase.
b - a ring of magical power (left claw)
You start putting on your amulet.
You continue putting on your amulet of guardian spirit. x4
The jackal barks!
The jackal bites you but does no damage.
You continue putting on your amulet of guardian spirit.
The jackal closely misses you.
You finish putting on your amulet of guardian spirit.
You feel your power drawn to a protective spirit.
f - an amulet of guardian spirit (around neck)
A jackal is nearby!
A jackal is nearby!
You scratch the jackal but do no damage.
The jackal barely misses you.
Unknown command.
Casting: Sandblast (safe; 6% risk of failure)
Confirm with . or Enter, or press ? or * to list all spells.
Aiming: Sandblast (safe; 6% risk of failure)
Press: ? - help, Shift-Dir - straight line, f - jackal
Aim: a jackal (77% to hit)
The blast of sand hits the jackal!
You kill the jackal!
You have reached level 3!
Your experience leads to an increase in your attributes!
Increase (S)trength, (I)ntelligence, or (D)exterity?
You feel clever. x2; Your demonic ancestry asserts itself...
Your feet thicken and deform.
Unknown command.
You see here a jackal corpse.
You enter the shallow water.
Moving in this stuff is going to be slow.
You enter the shallow water.
Moving in this stuff is going to be slow.
Things that are here:
a +0 whip; a kobold corpse
There is a staircase leading out of the dungeon here.
You have escaped!

#.....##.....#.#
#.....##.......#
#......8......##
##..........###
#.........##
#.......###
##.....##
#...### ##@##
###


There were no monsters in sight!

Vanquished Creatures
  2 bats (D:1)
  An endoplasm (D:1)
  2 giant cockroaches (D:1)
  2 goblins (D:1)
  3 hobgoblins (D:1)
  6 jackals (D:1)
  4 ball pythons (D:1)
  2 kobolds (D:1)
  3 rats (D:1)
25 creatures vanquished.

Notes
Turn   | Place    | Note
-------+----------+-------------------------------------------
     0 | D:1      | protoss039 the Demonspawn Earth Elementalist began the
                  | quest for the Orb.
     0 | D:1      | Reached XP level 1. HP: 13/13 MP: 3/3
    76 | D:1      | Found Vomat's One-of-a-Kind Rings.
   322 | D:1      | Found Reconocs's Vocational Training.
   336 | D:1      | Discovered your monstrous ancestry.
   336 | D:1      | Gained mutation: You have sharp fingernails. [demonic
                  | ancestry]
   336 | D:1      | Reached XP level 2. HP: 4/20 MP: 1/5
   339 | D:1      | Reached skill level 1 in Fighting
   495 | D:1      | Reached skill level 3 in Earth Magic
   587 | D:1      | Found a faded altar of an unknown god.
   828 | D:1      | Gained mutation: You have large cloven feet. [demonic
                  | ancestry]
   828 | D:1      | Reached XP level 3. HP: 26/26 MP: 3/6
   900 | D:$      | Got out of the dungeon alive.

Illustrated notes

Levels and vault maps discovered:
D:1:      eino_arrival_cavern_d, layout_loops_ring,
          chequers_ecumenical_altar_island, nicolae_shop_unique_rings,
          nicolae_shop_vocational

Skill      XL: |  1  2 |
---------------+-------+-----
Fighting       | 1 |  1.4
Earth Magic    | 3 |  3.1
Dodging        | |  1.7
Stealth        | |  1.7
Spellcasting   | |  2.4
Conjurations   | |  1.0

Action                     || total
---------------------------++-------
  Melee: Unarmed           ||    42
         Punch             ||     2
   Cast: Sandblast         ||    33
    Use: Potion            ||     1
 Armour: Robe              ||    43
  Dodge: Dodged            ||    42
